 Dungeon Crawl Stone Soup version 0.20.1-1-g8b1a95d (webtiles) character file.

18851 TheGuigne the Severer (level 12, -11/106 HPs)
             Began as a Hill Orc Fighter on Aug 20, 2017.
             Was a Priest of Qazlal.
             Mangled by a stone giant (36 damage)
             ... on level 11 of the Dungeon.
             The game lasted 00:39:11 (16829 turns).

TheGuigne the Severer (Hill Orc Fighter)           Turns: 16829, Time: 00:39:12

Health: -11/106    AC: 19    Str: 23    XL:     12   Next: 62%
Magic:  12/17      EV: 10    Int:  9    God:    Qazlal [***...]
Gold:   613        SH: 13    Dex: 10    Spells: 11/11 levels left

rFire    + . .     SeeInvis .   t - +2 war axe (elec)
rCold    . . .     Gourm    .   c - +0 shield
rNeg     . . .     Faith    .   O - +2 plate armour {rF+}
rPois    .         Spirit   .   (no helmet)
rElec    .         Reflect  .   G - +0 cloak
rCorr    .         Harm     .   N - +0 pair of gloves
MR       .....                  (no boots)
Stlth    ..........             (no amulet)
Regen    0.3/turn               F - ring of stealth
MPRegen  0.2/turn               e - +5 ring of evasion

@: no status effects
A: no striking features
a: Upheaval, Elemental Force, Renounce Religion


You were on level 11 of the Dungeon.
You worshipped Qazlal.
Qazlal was most pleased with you.
You were near starving.

You visited 2 branches of the dungeon, and saw 12 of its levels.
You also visited: Ossuary.

You collected 755 gold pieces.
You spent 142 gold pieces at shops.

Inventory:

Hand Weapons
 a - a +0 hunting sling
 b - a +1 war axe
 t - a +2 war axe of electrocution (weapon)
 J - a +2 whip of flaming
Missiles
 q - 7 silver tomahawks (quivered)
 r - 306 stones
Armour
 c - a +0 shield (worn)
 G - a +0 cloak (worn)
 N - a +0 pair of gloves (worn)
 O - a +2 plate armour of fire resistance (worn)
Jewellery
 e - a +5 ring of evasion (right hand)
 F - a ring of stealth (left hand)
Wands
 d - a wand of lightning (0/15)
 g - a wand of disintegration (6/24)
 A - a wand of random effects (22/48)
 P - a wand of polymorph (16/24)
 Q - a wand of scattershot (2/9)
Scrolls
 i - 2 scrolls of fog
 k - 5 scrolls of identify
 l - 5 scrolls of amnesia
 p - a scroll of remove curse
 s - a scroll of summoning {unknown}
 v - 4 scrolls of enchant weapon
 x - 6 scrolls of teleportation
 y - 3 scrolls of fear
 B - 2 scrolls of magic mapping
 C - a scroll of recharging {unknown}
 H - a scroll of silence {unknown}
 K - a scroll of enchant armour {unknown}
Potions
 h - a potion of flight {unknown}
 j - 3 potions of curing
 n - a potion of haste
 o - a potion of ambrosia {unknown}
 u - a potion of lignification
 w - a potion of resistance
 z - 3 potions of mutation
 D - 2 potions of brilliance {unknown}
 R - a potion of invisibility {unknown}
Books
 I - a book of Geomancy

   Spells                             Type                      Level
   a - Sandblast                      Earth                        1
   b - Passwall                       Transmutation/Earth          2
   c - Stone Arrow                    Conjuration/Earth            3
   d - Petrify                        Transmutation/Earth          4
   e - Lee's Rapid Deconstruction     Earth                        5
Comestibles
 f - 12 bread rations
 m - 10 meat rations
 E - a fruit
 L - 4 royal jellies


   Skills:
 + Level 9.8 Fighting
 - Level 18.8 Axes
 - Level 0.6 Slings
 * Level 10.7 Armour
 - Level 0.5 Dodging
 - Level 3.2 Shields
 * Level 6.8 Invocations


You had 11 spell levels left.
You didn't know any spells.

Dungeon Overview and Level Annotations

Branches:
Dungeon (11/15)            Temple (1/1) D:5            Lair (0/6) D:11
    Orc: D:9-12

Altars:
Ashenzari
Cheibriados
Dithmenos
Elyvilon
Fedhas
Gozag
Hepliaklqana
Kikubaaqudgha
Makhleb
Nemelex Xobeh
Okawaru
Qazlal
Ru
Sif Muna
Trog
Uskayaw
Yredelemnul
Zin
The Shining One

Shops:
D:4 *   D:11 ?

Portals:
Trove: D:10 (give dagger of Darkness)


Message History

The stone giant is severely wounded.
Your shield and plate armour prevent you from hitting the ettin.
The ettin misses you. You block the ettin's attack.
You completely miss the stone giant.
The stone giant is severely wounded.
You hit the ettin. Lightning courses through the ettin!
You kill the ettin!
Qazlal accepts your kill. The stone giant hits you!!
* * * LOW HITPOINT WARNING * * *
You slice the stone giant!!
The stone giant is almost dead.
The stone giant hits you but does no damage.
You hit the stone giant.
Lightning courses through the stone giant!
The stone giant is almost dead.
The stone giant hits you!!
* * * LOW HITPOINT WARNING * * *
You feel much better. The stone giant hits you!!!
You die...

.......+...'......###'##.......##
.......#...#......#....#.......#.
...##+##...#......#....'.......#.
...#.......#......#....#.......#.
...'.......#......######.......#.
...#.......#...................#.
...######'##....(...........(.(..
...........####ยง##....C.........#
...........#...C@#..............#
...........#.....#..............#
...........#.....#######........#
...........#...........#........#
...........#...........#........#
...........#..##.##.####........#
################+##.##.###......#
#..........#......#
#..........#......#


You could see a stone giant.

Vanquished Creatures
  2 ettins (D:11)
  Erolcha (D:9)
  2 two-headed ogres
  Pikel (D:7)
  An ugly thing (D:8)
  A manticore (D:11)
  Prince Ribbit (D:8)
  A troll (D:9)
  4 hippogriffs
  2 wyverns
  27 yaks
  Grum (D:9)
  A human (D:7)
  A steam dragon (D:9)
  3 hogs (D:7)
  4 hungry ghosts
  Duvessa (D:5)
  4 phantoms
  Purgy (D:3)
  2 slaves (D:7)
  3 ice beasts
  A sky beast (D:6)
  2 orc warriors
  A black bear (D:10)
  8 ogres
  4 wolves (D:9)
  8 centaurs
  A big kobold (D:8)
  8 elf zombies (Ossuary)
  5 bullfrogs
  A wyvern zombie (D:6)
  Dowan (D:6)
  A water moccasin skeleton (D:9)
  3 scorpions
  13 killer bees
  4 howler monkeys
  4 wights (D:10)
  2 electric eels (D:9)
  A vampire bat (D:5)
  6 crimson imps
  2 centaur zombies (Ossuary)
  2 human zombies (Ossuary)
  10 orc priests
  6 hounds
  5 jellies
  A centaur skeleton (D:9)
  A gnoll shaman (D:9)
  Jessica (D:3)
  A bullfrog skeleton (D:5)
  4 iguanas
  8 worker ants
  12 orc wizards
  A killer bee zombie (D:6)
  3 mummies (Ossuary)
  A hound zombie (D:6)
  A hound skeleton (D:10)
  5 gnolls (D:9)
  11 adders
  2 shadow imps
  2 adder zombies
  3 worms
  2 adder skeletons
  3 dart slugs
  4 leopard geckos
  34 orcs
  2 ball pythons
  A giant cockroach (D:3)
  11 hobgoblins
  24 jackals
  6 kobolds
  3 quokkas
  14 bats
  3 frilled lizards
  7 goblins
  4 rats
338 creatures vanquished.

Vanquished Creatures (collateral kills)
  The ghost of tidbits the Martial Artist, a novice DgTm (D:11)
1 creature vanquished.

Vanquished Creatures (others)
  A phantom (D:7)
  A bullfrog zombie (D:7)
  An orc priest (D:7)
  2 orcs (D:7)
  A giant cockroach (D:7)
  13 fungi (D:9)
  2 plants (D:9)
21 creatures vanquished.

Grand Total: 360 creatures vanquished

Notes
Turn   | Place    | Note
-------+----------+-------------------------------------------
     0 | D:1      | TheGuigne the Hill Orc Fighter began the quest for the Orb.
     0 | D:1      | Reached XP level 1. HP: 19/19 MP: 1/1
    14 | D:1      | Reached skill level 3 in Axes
   135 | D:1      | Reached XP level 2. HP: 26/26 MP: 2/2
   174 | D:1      | Reached skill level 4 in Axes
   796 | D:2      | Reached XP level 3. HP: 31/31 MP: 3/3
   960 | D:2      | Reached skill level 5 in Axes
  1260 | D:2      | Reached XP level 4. HP: 28/39 MP: 4/4
  2032 | D:3      | Noticed Jessica
  2051 | D:3      | Killed Jessica
  2051 | D:3      | Reached skill level 6 in Axes
  2297 | D:3      | Reached XP level 5. HP: 45/45 MP: 5/5
  2355 | D:3      | Noticed Purgy
  2366 | D:3      | Killed Purgy
  2366 | D:3      | Reached skill level 7 in Axes
  2610 | D:3      | Reached XP level 6. HP: 50/51 MP: 6/6
  2798 | D:4      | Reached skill level 8 in Axes
  2923 | D:4      | Found a sand-covered staircase.
  2932 | Ossuary  | Entered an ossuary
  2967 | Ossuary  | Reached skill level 9 in Axes
  2979 | Ossuary  | Reached XP level 7. HP: 13/57 MP: 7/7
  3247 | Ossuary  | Reached skill level 10 in Axes
  3618 | Ossuary  | Reached skill level 11 in Axes
  3758 | Ossuary  | Reached XP level 8. HP: 34/64 MP: 8/8
  4109 | D:4      | Reached skill level 12 in Axes
  4234 | D:4      | Found an opulent altar of Gozag.
  4236 | D:4      | Found Gozag's Platinum Reserve.
  4828 | D:5      | Entered Level 5 of the Dungeon
  4997 | D:5      | Found a white marble altar of Elyvilon.
  5163 | D:5      | Reached skill level 13 in Axes
  5498 | D:5      | Found a staircase to the Ecumenical Temple.
  5517 | Temple   | Entered the Ecumenical Temple
  5617 | Temple   | Became a worshipper of Qazlal Stormbringer
  6031 | D:6      | Noticed Dowan
  6033 | D:6      | Noticed Duvessa
  6389 | D:6      | Found a stormy altar of Qazlal.
  6416 | D:6      | Reached XP level 9. HP: 70/70 MP: 9/9
  6470 | D:6      | Reached skill level 14 in Axes
  6889 | D:6      | Killed Dowan
  6927 | D:5      | Killed Duvessa
  7147 | D:6      | Reached skill level 15 in Axes
  7184 | D:6      | Reached * piety under Qazlal
  8055 | D:6      | HP: 3/70 [sky beast (5)]
  8064 | D:6      | Reached skill level 16 in Axes
  8524 | D:7      | Noticed Pikel
  8594 | D:7      | Killed Pikel
  8594 | D:7      | Reached XP level 10. HP: 48/77 MP: 10/10
  8947 | D:7      | Reached skill level 17 in Axes
  9425 | D:7      | You fall through a shaft for 3 floors!
  9425 | D:10     | Entered Level 10 of the Dungeon
  9578 | D:10     | Reached ** piety under Qazlal
  9998 | D:9      | Noticed Grum
 10009 | D:9      | Reached skill level 18 in Axes
 10020 | D:9      | HP: 3/77 [poisoned by an orc]
 10024 | D:9      | HP: 1/77 [poisoned by an orc]
 10368 | D:9      | Killed Grum
 10734 | D:8      | Noticed Prince Ribbit
 10754 | D:8      | Killed Prince Ribbit
 12399 | D:7      | Reached skill level 1 in Invocations
 12404 | D:7      | Reached XP level 11. HP: 77/84 MP: 10/12
 12619 | D:8      | Reached skill level 5 in Armour
 12816 | D:8      | Reached *** piety under Qazlal
 12920 | D:8      | Reached skill level 5 in Fighting
 13018 | D:9      | Noticed a purple ugly thing
 13037 | D:8      | Killed a purple ugly thing
 13549 | D:9      | Noticed Erolcha
 13700 | D:9      | Killed Erolcha
 13853 | D:9      | Found a blossoming altar of Fedhas.
 14279 | D:9      | Reached skill level 5 in Invocations
 14371 | D:9      | Noticed a two-headed ogre
 14388 | D:9      | Killed a two-headed ogre
 14995 | D:10     | Reached **** piety under Qazlal
 15091 | D:10     | Found a portal to a secret trove of treasure.
 15180 | D:10     | Reached XP level 12. HP: 101/101 MP: 16/16
 16055 | D:11     | Found Itaiqa's Magic Scroll Boutique.
 16058 | D:11     | Found a staircase to the Lair.
 16087 | D:11     | Noticed tidbits's ghost (novice DgTm)
 16098 | D:11     | Killed tidbits's ghost
 16098 | D:11     | Reached skill level 10 in Armour
 16136 | D:11     | Bought a scroll of identify for 30 gold pieces
 16136 | D:11     | Bought a scroll of identify for 30 gold pieces
 16136 | D:11     | Bought a scroll of fear for 52 gold pieces
 16136 | D:11     | Bought a scroll of identify for 30 gold pieces
 16429 | D:11     | Found a runed door.
 16430 | D:11     | Noticed a two-headed ogre
 16432 | D:11     | Killed a two-headed ogre
 16771 | D:11     | Noticed an ettin
 16771 | D:11     | Noticed an ettin
 16772 | D:11     | Noticed a stone giant
 16775 | D:11     | Noticed a four-headed hydra
 16788 | D:11     | Killed an ettin
 16826 | D:11     | Killed an ettin
 16829 | D:11     | Mangled by a stone giant

Skill      XL: |  1  2  3  4  5  6  7  8  9 10 11 12 |
---------------+-------------------------------------+-----
Axes           | 3 4 5 6 7 9 11 13 16 18 | 18.8
Fighting       | 4 7 9 |  9.8
Armour         | 4 8 10 | 10.7
Invocations    | 2 5 6 |  6.8
Slings         | |  0.6
Dodging        | |  0.5
Shields        | |  3.2

Action                   |  1- 3 |  4- 6 |  7- 9 | 10-12 || total
-------------------------+-------+-------+-------+-------++-------
Melee: War axe           |    98 |   123 |   674 |   721 ||  1616
 Fire: Hunting sling     |    37 |    50 |    59 |    75 ||   221
Invok: Upheaval          |       |       |       |     6 ||     6
       Elemental Force   |       |       |       |     1 ||     1
  Use: Scroll            |     2 |     3 |     6 |     9 ||    20
       Potion            |       |     2 |     8 |     5 ||    15
  Eat: Chunk             |     1 |     6 |    10 |    24 ||    41
       Fruit             |       |       |     4 |     6 ||    10
       Royal jelly       |       |       |     2 |       ||     2
       Bread ration      |       |       |       |     1 ||     1
Armor: Scale mail        |    66 |    57 |    60 |       ||   183
       Plate armour      |       |       |   237 |   241 ||   478
       Skin              |       |       |    14 |       ||    14
Dodge: Dodged            |    51 |    45 |    86 |   121 ||   303
       Deflected         |       |       |       |     2 ||     2
Block: Shield            |    73 |    56 |   240 |   377 ||   746
